 Dungeon Crawl Stone Soup version 0.30-a0-364-gf6b3ef1049 (webtiles) character file.

Game seed: 8746441068389353705

4790 Devinter the Covert (level 10, 0/63 HPs)
             Began as a Kobold Conjurer on Nov 16, 2022.
             Was an Elder of Ashenzari.
             Slain by a boulder beetle (19 damage)
             ... on level 9 of the Dungeon.
             The game lasted 00:55:56 (7848 turns).

Devinter the Covert (Kobold Conjurer)               Turns: 7848, Time: 00:55:58

Health: 0/63       AC:  7    Str:  6    XL:     10   Next: 76%
Magic:  8/24       EV: 16    Int: 27    God:    Ashenzari [****..]
Gold:   333        SH:  0    Dex: 15    Spells: 17/29 levels left

rFire   . . .      SeeInvis +    k - +2 dagger of Ashenzari's Chagrin {venom, Range, Melee} (curse)
rCold   . . .      Faith    .    (no shield)
rNeg    . . .      Spirit   .    v - +0 troll leather armour "Visionary Repose" {Regen+, Pargi, Bglg, Fort} (curse)
rPois   .          Reflect  .    C - +2 hat "Perceptive Irritation" {Regen+ SInv, Elem, Comp} (curse)
rElec   .          Harm     .    (no cloak)
rCorr   .          Rampage  .    U - +0 pair of gloves of Supernal Knowledge {Melee, Elem} (curse)
Will    .....      Clarity  +    (no boots)
Stlth   +++++.....               (no amulet)
HPRegen 1.90/turn                j - ring of Ashenzari's Free Will {Slay+4, Melee, Comp} (curse)
MPRegen 0.19/turn                H - ring "Augurer of Ashenzari" {Int+6, Alch, Self} (curse)

@: lethally poisoned (0 -> -1)
A: small, no large weapons, nightstalker 3
a: Renounce Religion, Shatter the Chains


You were on level 9 of the Dungeon.
You worshipped Ashenzari.
Ashenzari was greatly pleased with you.
You visited 1 branch of the dungeon, and saw 9 of its levels.
You also visited: Sewer.

You collected 618 gold pieces.
You spent 285 gold pieces at shops.

Inventory:

Hand Weapons
 k - the cursed +2 dagger of Ashenzari's Chagrin (weapon) {venom, Range, Melee}
   (You took it off a kobold on level 1 of the Dungeon)

   It poisons the flesh of those it strikes.
   It has a curse which improves the following skills: Ranged Combat: Ranged
   Weapons and Throwing.
   Melee Combat: Short Blades, Long Blades, Axes, Maces & Flails, Polearms,
   Staves and Unarmed Combat.
 x - a +2 dagger of draining
 y - a +2 rapier of draining
 F - a +0 rapier
Missiles
 m - a throwing net
 B - 5 poisoned darts
 D - 5 boomerangs (quivered)
 P - a curare-tipped dart
Armour
 a - a +0 robe
 v - the cursed +0 troll leather armour "Visionary Repose" (worn) {Regen+, Pargi, Bglg, Fort}
   (You found it in a sewer)

   Regen:     It increases your rate of health regeneration.
   It has a curse which improves the following skills: Beguiling: Conjurations,
   Hexes and Translocations.
   Fortitude: Armour and Shields.
 C - the cursed +2 hat "Perceptive Irritation" (worn) {Regen+ SInv, Elem, Comp}
   (You found it on level 4 of the Dungeon)

   SInv:      It lets you see invisible.
   Regen:     It increases your rate of health regeneration.
   It has a curse which improves the following skills: Elements: Fire Magic, Ice
   Magic, Air Magic and Earth Magic.
   Companions: Summonings and Necromancy.
 U - the cursed +0 pair of gloves of Supernal Knowledge (worn) {Melee, Elem}
   (You found it on level 9 of the Dungeon)

   It has a curse which improves the following skills: Melee Combat: Short
   Blades, Long Blades, Axes, Maces & Flails, Polearms, Staves and Unarmed
   Combat.
   Elements:  Fire Magic, Ice Magic, Air Magic and Earth Magic.
Jewellery
 j - the cursed ring of Ashenzari's Free Will (left hand) {Slay+4, Melee, Comp}
   (You found it on level 1 of the Dungeon)

   [ring of slaying]

   Slay:      It affects your accuracy & damage with ranged weapons and melee
   (+4).
   It has a curse which improves the following skills: Melee Combat: Short
   Blades, Long Blades, Axes, Maces & Flails, Polearms, Staves and Unarmed
   Combat.
   Companions: Summonings and Necromancy.
 H - the cursed ring "Augurer of Ashenzari" (right hand) {Int+6, Alch, Self}
   (You found it on level 5 of the Dungeon)

   [ring of intelligence]

   Int:       It affects your intelligence (+6).
   It has a curse which improves the following skills: Alchemy: Poison Magic and
   Transmutations.
   Introspection: Fighting and Spellcasting.
 J - a ring of fire
 M - a +6 ring of intelligence
 S - a ring of resist corrosion
Wands
 q - a wand of iceblast (7)
 u - a wand of paralysis (27)
 N - a wand of polymorph (4)
 O - a wand of digging (4)
 Q - a wand of quicksilver (12)
Scrolls
 d - a scroll of blinking
 e - 3 scrolls of vulnerability
 f - 6 scrolls of teleportation
 i - a scroll of brand weapon
 l - 12 scrolls of identify
 n - 2 scrolls of fear
 o - a scroll of poison
 p - 2 scrolls of enchant armour
 s - 2 scrolls of amnesia
 t - a scroll of magic mapping
 w - 3 scrolls of enchant weapon
 A - a scroll of fog
 G - 2 scrolls of silence
Potions
 b - 2 potions of magic
 c - 2 potions of attraction
 g - 4 potions of curing
 h - 2 potions of heal wounds
 r - 2 potions of might
 z - 5 potions of haste
 E - 2 potions of cancellation
 I - a potion of ambrosia
 K - a potion of lignification
 L - 2 potions of mutation
 R - a potion of invisibility
Miscellaneous
 T - a tin of tremorstones (2/2)


   Skills:
 + Level 5.2(7.1) Fighting
 - Level 6.2(10.1) Short Blades
 - Level 6.0 Dodging
 - Level 10.0 Stealth
 - Level 8.1(10.2) Spellcasting
 - Level 4.4(6.3) Conjurations
 - Level 4.5(6.4) Hexes
 - Level 4.8(6.7) Translocations


You had 17 spell levels left.
You knew the following spells:

 Your Spells              Type           Power      Damage    Failure   Level
a - Magic Dart            Conj           100%       1d8       1%          1
b - Dazzling Flash        Conj/Hex       96%        N/A       1%          3
c - Iskenderun's Mystic   Conj/Tloc      48%        2d11      4%          4
d - Blink                 Tloc           100%       N/A       1%          2
e - Momentum Strike       Conj/Tloc      96%        3d10      1%          2

Your spell library contained the following spells:

 Spells                   Type           Power      Damage    Failure   Level
 Searing Ray              Conj           94%        2d7       1%          2
 Lesser Beckoning         Tloc           100%       N/A       1%          3
 Tukima's Dance           Hex            48%        N/A       1%          3
 Summon Guardian Golem    Hex/Summ       32%        N/A       4%          3
 Fulminant Prism          Conj/Hex       24%        3d12      4%          4
 Passage of Golubria      Tloc           50%        N/A       4%          4
 Summon Small Mammal      Summ           60%        N/A       5%          1
 Call Canine Familiar     Summ           15%        N/A       17%         3
 Yara's Violent Unravell  Hex/Tmut       15%        3d8       43%         5
 Animate Armour           Summ/Erth      30%        N/A       50%         4
 Blade Hands              Tmut           7%         N/A       86%         5
 Iron Shot                Conj/Erth      15%        9d4       95%         6


Dungeon Overview and Level Annotations

Branches:
Dungeon (9/15)             Temple (0/1) D:4           Sewer (visited)
   Lair: D:8-11         Orc: D:9-12

Altars:
Ashenzari
Dithmenos
Nemelex Xobeh
Okawaru
Ru
Sif Muna
Vehumet
Xom
Yredelemnul
Zin

Shops:
D:2 (   D:4 ?   D:6 *   D:7 [

Annotations:
D:4 Edmund, Menkaure
D:6 1 runed translucent door


Innate Abilities, Weirdness & Mutations

You are small and have problems with some larger weapons.
You are completely attuned to the shadows.


Message History

The kobold barely misses you. The boulder beetle bites you!
You hit the kobold demonologist.
The kobold demonologist is moderately wounded.
You puncture the kobold demonologist!
The kobold demonologist is poisoned.
The kobold demonologist is heavily wounded.
The boulder beetle bites you!
The kobold hits you with a +0 short sword.
The kobold is no longer blind.
The kobold throws a poisoned dart.
The poisoned dart hits you.
You are poisoned.
The kobold demonologist hits you but does no damage.
The boulder beetle bites you but does no damage.
You hit the kobold demonologist.
The kobold demonologist looks as sick as possible!
The kobold demonologist is severely wounded.
You feel sick.
You puncture the kobold demonologist!
The kobold demonologist is almost dead.
You feel sick.
The kobold demonologist is no longer blind.
The boulder beetle bites you!!
* * * LOW HITPOINT WARNING * * *
The kobold demonologist looks encouraged for a moment.
The kobold throws a poisoned dart.
The poisoned dart hits you!
You are more poisoned.
You closely miss the kobold demonologist.
The kobold demonologist is almost dead.
You feel sick.
Unknown command.
Casting: Dazzling Flash (safe; 1% risk of failure)
Confirm with . or Enter, or press ? or * to list all spells.
Casting: Dazzling Flash (safe; 1% risk of failure)
Press: ? - help, Dir - look around, f - activate The boulder beetle is dazzled.
The kobold demonologist is dazzled.
* * * LOW MAGIC WARNING * * *
You feel very sick.
You kill the kobold demonologist!
The boulder beetle bites you!!
You die...

** *,, ,,,* * * * * * **
* * ,, * *##....## *,, *
, ,........##########+
,** ,
..........##......... *
* , *,
..........##.........
,**
.......)).))......... ,,
.....BK...#.......... ,
*
*,,....@.....##.........
* **
,,...)......##.........
, *, ,
.......!..##.)....... *
8 ,*
##############'###### *
** * * ,, ,, #.# **
##########+## #.##
#...........# #..#
######## #...........#
##.## ..)....#
#...........# #..#


You could see a boulder beetle (blind) and a kobold.

Vanquished Creatures
  A two-headed ogre (D:9)
  Joseph (D:8)
  2 kobold demonologists (D:9)
  A troll (D:9)
  A hornet (D:8)
  4 yaks (D:8)
  Duvessa (D:4)
  A water moccasin (D:8)
  2 black bears
  Pargi (Sewer)
  An orc warrior (D:8)
  2 ogres
  2 phantoms
  A kobold brigand (D:8)
  A bullfrog (D:8)
  A gnoll sergeant (D:7)
  2 necrophages
  7 scorpions
  Dowan (D:4)
  2 wights (D:9)
  2 howler monkeys
  A human zombie (D:6)
  An orc priest (D:8)
  5 hounds
  4 iguanas
  Natasha (D:3)
  2 orc wizards
  16 gnolls
  10 adders
  A river rat (D:3)
  A shadow imp (D:8)
  2 white imps (D:6)
  4 ufetubi
  3 worms
  6 dart slugs
  18 orcs
  7 bats
  4 endoplasms
  6 giant cockroaches
  5 goblins
  7 hobgoblins
  2 jackals (D:2)
  20 kobolds
  7 quokkas
  6 ball pythons
  A frilled lizard (D:1)
  A kobold skeleton (D:6)
  7 rats
185 creatures vanquished.

Vanquished Creatures (others)
  A wight (D:9)
1 creature vanquished.

Grand Total: 186 creatures vanquished

Notes
Turn   | Place    | Note
-------+----------+-------------------------------------------
     0 | D:1      | Devinter the Kobold Conjurer began the quest for the Orb.
     0 | D:1      | Reached XP level 1. HP: 10/10 MP: 3/3
   162 | D:1      | Reached skill level 3 in Stealth
   225 | D:1      | Reached XP level 2. HP: 15/15 MP: 0/5
   572 | D:1      | Reached skill level 3 in Dodging
   685 | D:1      | Reached XP level 3. HP: 19/19 MP: 3/6
   694 | D:1      | Learned a level 3 spell: Dazzling Flash
  1244 | D:2      | Reached skill level 1 in Short Blades
  1349 | D:2      | Reached skill level 3 in Spellcasting
  1349 | D:2      | Reached XP level 4. HP: 21/24 MP: 3/8
  1386 | D:2      | Found a faded altar of an unknown god.
  1391 | D:2      | Prayed at the altar of an unknown god.
  1391 | D:2      | Became a worshipper of Ashenzari the Shackled
  1479 | D:2      | Found Idauhif's Antique Weapon Emporium.
  1505 | D:2      | Reached skill level 4 in Stealth
  1602 | D:2      | Reached skill level 1 in Hexes
  1934 | D:3      | Reached XP level 5. HP: 28/28 MP: 8/10
  1972 | D:3      | Found a glowing drain.
  1976 | Sewer    | Entered a sewer
  1986 | Sewer    | Reached skill level 2 in Short Blades
  2004 | Sewer    | Reached * piety under Ashenzari
  2037 | Sewer    | Noticed Pargi
  2040 | Sewer    | Killed Pargi
  2041 | Sewer    | Reached skill level 4 in Spellcasting
  2041 | Sewer    | Reached XP level 6. HP: 18/32 MP: 9/12
  2265 | D:3      | Reached skill level 2 in Hexes
  2275 | D:3      | Noticed Natasha
  2495 | D:2      | Bought a glowing rapier for 189 gold pieces
  2763 | D:3      | Killed Natasha
  2764 | D:3      | Reached skill level 3 in Short Blades
  2764 | D:3      | Reached skill level 5 in Stealth
  2905 | D:3      | Reached ** piety under Ashenzari
  2994 | D:4      | Noticed Menkaure
  3057 | D:4      | Found Cituph's Magic Scroll Shoppe.
  3281 | D:4      | Identified the +2 hat of Generosity {Regen+ SInv}
  3305 | D:4      | Reached skill level 5 in Spellcasting
  3305 | D:4      | Reached skill level 1 in Fighting
  3305 | D:4      | Reached XP level 7. HP: 38/38 MP: 14/14
  3344 | D:4      | Found a staircase to the Ecumenical Temple.
  3473 | D:4      | Learned a level 4 spell: Iskenderun's Mystic Blast
  3551 | D:4      | Noticed Duvessa
  3552 | D:4      | Noticed Dowan
  3568 | D:4      | Killed Dowan
  3571 | D:4      | Killed Duvessa
  3572 | D:4      | Reached skill level 2 in Fighting
  3572 | D:4      | Reached skill level 1 in Translocations
  3732 | D:4      | Noticed Edmund
  3753 | D:5      | Entered Level 5 of the Dungeon
  3755 | D:5      | Reached skill level 3 in Hexes
  3845 | D:5      | Reached skill level 2 in Translocations
  3845 | D:5      | Reached XP level 8. HP: 45/45 MP: 15/15
  3864 | D:5      | Found an iron altar of Okawaru.
  3895 | D:5      | Reached skill level 3 in Fighting
  4217 | D:5      | Reached skill level 3 in Translocations
  4225 | D:5      | Reached skill level 4 in Fighting
  4356 | D:5      | Reached *** piety under Ashenzari
  4827 | D:6      | Reached skill level 4 in Dodging
  4827 | D:6      | Reached XP level 9. HP: 54/55 MP: 19/19
  4838 | D:6      | Reached skill level 6 in Stealth
  4887 | D:6      | Found a runed translucent door.
  4924 | D:6      | Found a basalt altar of Yredelemnul.
  4995 | D:6      | Found Gatwepn's General Store.
  5000 | D:6      | Bought a potion of mutation for 96 gold pieces
  5481 | D:6      | Found a sparkling altar of Nemelex Xobeh.
  5708 | D:7      | Reached skill level 5 in Dodging
  5708 | D:7      | Reached skill level 7 in Stealth
  5988 | D:7      | Reached skill level 6 in Spellcasting
  6287 | D:7      | Identified the +10 flail "Siligg" {vorpal, Int+4}
  6412 | D:7      | Learned a level 2 spell: Blink
  6415 | D:7      | Learned a level 2 spell: Momentum Strike
  6420 | D:7      | Found a shimmering blue altar of Sif Muna.
  6478 | D:7      | Found a broken altar of Ashenzari.
  6618 | D:7      | Found Fioton's Antique Armour Emporium.
  6944 | D:8      | Reached skill level 6 in Dodging
  6944 | D:8      | Reached skill level 8 in Stealth
  6944 | D:8      | Reached skill level 4 in Short Blades
  6944 | D:8      | Reached skill level 4 in Hexes
  6953 | D:8      | Reached skill level 4 in Translocations
  6966 | D:8      | Reached skill level 5 in Short Blades
  6966 | D:8      | Reached XP level 10. HP: 60/60 MP: 4/22
  7099 | D:8      | Found a shadowy altar of Dithmenos.
  7150 | D:8      | Noticed Joseph
  7161 | D:8      | Killed Joseph
  7162 | D:8      | Reached skill level 9 in Stealth
  7188 | D:8      | Reached skill level 10 in Stealth
  7237 | D:8      | Reached skill level 7 in Spellcasting
  7291 | D:8      | Found a radiant altar of Vehumet.
  7430 | D:8      | Found a sacrificial altar of Ru.
  7555 | D:9      | Reached skill level 6 in Short Blades
  7626 | D:9      | Found a shimmering altar of Xom.
  7630 | D:9      | Noticed an angel
  7634 | D:9      | Found a glowing silver altar of Zin.
  7757 | D:9      | Reached **** piety under Ashenzari
  7800 | D:9      | Noticed a two-headed ogre
  7809 | D:9      | Killed a two-headed ogre
  7810 | D:9      | Reached skill level 8 in Spellcasting
  7812 | D:9      | Noticed a kobold demonologist
  7834 | D:9      | Noticed a soul eater
  7834 | D:9      | Noticed a boulder beetle
  7835 | D:9      | Noticed a kobold demonologist
  7836 | D:9      | Killed a kobold demonologist
  7837 | D:9      | Reached skill level 5 in Fighting
  7848 | D:9      | Killed a kobold demonologist
  7848 | D:9      | Slain by a boulder beetle

Illustrated notes

Levels and vault maps discovered:
D:1:      mushboom_english_gardens, layout_basic
D:2:      layout_basic, serial_shops, shop, dilly_ecumenical_altar_fadedgnrine
D:3:      layout_basic, gup_sewer_entry_bowl, kennysheep_generic_room_12,
          uniq_natasha
D:4:      layout_rooms, temple_doors_cd, serial_shops, shop, uniq_menkaure,
          uniq_edmund, uniq_duvessa
D:5:      layout_loops_ring, mainiacjoe_overflow_alcove_2, grunt_ministairs_10,
          st_stairs_8
D:6:      layout_gridville, dk_yredelemnul_ordeal, nemelex_spade_bored_becter,
          serial_shops, nicolae_shop_crystal
D:7:      layout_basic, lemuel_crystal_altar, mainiacjoe_overflow_brackets,
          serial_shops, nicolae_inconvenience_store
D:8:      layout_basic, nicolae_ru_path_of_blood, nicolae_vehumet_altar_sigil,
          grunt_dithmenos_smoke, uniq_joseph
D:9:      layout_roguey, grunt_temple_overflow_order_and_chaos_1, serial_shops,
          nicolae_shop_crystal, chequers_decorated_corner,
          nicolae_island_escapes

Skill      XL: |  1  2  3  4  5  6  7  8  9 10 |
---------------+-------------------------------+-----
Stealth        | 3 4 5 8 10 | 10.0
Dodging        | 3 4 6 |  6.0
Short Blades   | 1 2 3 5 6 |  6.2
Spellcasting   | 3 4 5 6 8 |  8.1
Hexes          | 1 2 3 4 |  4.5
Fighting       | 1 2 4 5 |  5.2
Translocations | 2 3 4 |  4.8
Conjurations   | |  4.4

Action                   |  1- 3 |  4- 6 |  7- 9 | 10-12 || total
-------------------------+-------+-------+-------+-------++-------
Melee: Whip              |     5 |       |       |       ||     5
       Dagger            |    31 |    85 |   226 |    66 ||   408
       Punch             |       |       |     3 |       ||     3
Throw: Dart              |       |     2 |       |       ||     2
       Boomerang         |       |       |     3 |     1 ||     4
 Cast: Magic Dart        |    39 |    20 |       |       ||    59
       Dazzling Flash    |     1 |     2 |    17 |    12 ||    32
       Iskenderun's Myst |       |       |     2 |     3 ||     5
       Momentum Strike   |       |       |       |     2 ||     2
Invok: Curse Item        |       |     3 |     2 |     1 ||     6
 Stab: Sleeping          |     6 |    19 |    24 |     4 ||    53
       Invisible         |     2 |     2 |    13 |     9 ||    26
Armor: Robe              |     1 |       |       |       ||     1
       Troll leather arm |       |     2 |    29 |     8 ||    39
Dodge: Dodged            |    21 |    30 |   119 |    39 ||   209

Table legend: (Time is in decaauts)
 A = Elapsed time spent in this place.
 B = Non-inter-level travel time spent in this place.
 C = Inter-level travel time spent in this place.
 D = Time resting spent in this place.
 E = Time spent auto-exploring this place.
 F = Levels seen in this place.
 G = Mean time per level.
                   A        B        C        D        E       F      G
               +--------+--------+--------+--------+--------+-----+--------+
         Total |   7742 |   7361 |    381 |    377 |   2239 |  10 |  774.2 |
       Dungeon |   7550 |   7169 |    381 |    377 |   2189 |   9 |  838.9 |
         Sewer |    191 |    191 |      0 |      0 |     50 |   1 |  191.0 |
               +--------+--------+--------+--------+--------+-----+--------+

Top non-repeatable levels by time:
     D:7: 1154 daAuts
     D:6: 1095 daAuts
     D:1: 1094 daAuts
     D:3: 901 daAuts
     D:2: 830 daAuts
     D:5: 785 daAuts
     D:4: 716 daAuts
     D:8: 632 daAuts
     D:9: 340 daAuts
   Sewer: 191 daAuts
